 Dungeon Crawl Stone Soup version 0.27.1-34-g3ba077fa99 (webtiles) character file.

Game seed: 4138094657204638682

1927 zeram the Shield-Bearer (level 9, -2/73 HPs)
             Began as a Gnoll Fighter on Jan 3, 2022.
             Was an Initiate of Gozag.
             Slain by a yak (4 damage)
             ... on level 8 of the Dungeon.
             The game lasted 00:09:01 (5958 turns).

zeram the Shield-Bearer (Gnoll Fighter)             Turns: 5958, Time: 00:09:02

Health: -2/73      AC: 11    Str: 16 (19) XL:     9   Next: 17%
Magic:  0/15       EV:  9    Int: 11 (13) God:    Gozag
Gold:   109        SH: 10    Dex: 11 (12) Spells: 14/16 levels left

rFire    . . .     SeeInvis .   a - +0 war axe
rCold    . . .     Faith    .   c - +0 kite shield
rNeg     . . .     Spirit   +   b - +0 scale mail
rPois    +         Reflect  .   (no helmet)
rElec    .         Harm     .   q - +0 cloak
rCorr    .         Rampage  .   u - +1 pair of gloves
Will     .....                  (no boots)
Stlth    +.........             o - amulet of guardian spirit
HPRegen  0.22/turn              h - +6 ring of intelligence
MPRegen  0.14/turn              j - ring of poison resistance

@: gold aura, attractive, flying, mesmerised
A: fangs 1, strong nose, distributed training
a: Renounce Religion, Potion Petition, Call Merchant, Bribe Branch


You were on level 8 of the Dungeon.
You worshipped Gozag.
Gozag was aware of your devotion.
You visited 2 branches of the dungeon, and saw 9 of its levels.

You collected 309 gold pieces.
You paid 200 gold pieces to Gozag.

Inventory:

Hand Weapons
 a - a +0 war axe (weapon)
Armour
 b - a +0 scale mail (worn)
 c - a +0 kite shield (worn)
 m - +0 steam dragon scales
 q - a +0 cloak (worn)
 u - a +1 pair of gloves (worn)
Jewellery
 h - a +6 ring of intelligence (left hand)
 j - a ring of poison resistance (right hand)
 o - an amulet of guardian spirit (around neck)
Wands
 k - a wand of digging (6)
 v - a wand of polymorph (8)
Potions
 e - a potion of brilliance
 i - a potion of berserk rage


   Skills:
 + Level 7.7 Fighting
 + Level 4.0 Short Blades
 + Level 4.0 Long Blades
 + Level 6.1 Axes
 + Level 4.0 Maces & Flails
 + Level 4.0 Polearms
 + Level 4.0 Staves
 + Level 4.0 Slings
 + Level 4.0 Bows
 + Level 4.0 Crossbows
 + Level 4.0 Throwing
 + Level 7.7 Armour
 + Level 4.0 Dodging
 + Level 4.0 Stealth
 + Level 7.7 Shields
 + Level 4.0 Unarmed Combat
 + Level 4.0 Spellcasting
 + Level 3.2 Conjurations
 + Level 3.2 Hexes
 + Level 3.2 Summonings
 + Level 3.2 Necromancy
 + Level 3.2 Translocations
 + Level 3.2 Transmutations
 + Level 3.2 Fire Magic
 + Level 3.2 Ice Magic
 + Level 3.2 Air Magic
 + Level 3.2 Earth Magic
 + Level 3.2 Poison Magic
 + Level 4.4 Invocations
 + Level 4.0 Evocations


You had 14 spell levels left.
You knew the following spells:

 Your Spells              Type           Power      Damage    Failure   Level
a - Blink                 Tloc           N/A        N/A       58%         2

Your spell library contained the following spells:

 Spells                   Type           Power      Damage    Failure   Level
 Sublimation of Blood     Necr           4%         N/A       58%         2
 Wereblood                Tmut           9%         N/A       58%         2
 Manifold Assault         Tloc           9%         N/A       100%        5
 Storm Form               Tmut/Air       4%         N/A       100%        7
 Summon Hydra             Summ           4%         N/A       100%        7


Dungeon Overview and Level Annotations

Branches:
Dungeon (9/15)             Temple (1/1) D:5
   Lair: D:8-11         Orc: D:9-12

Altars:
Ashenzari
Cheibriados
Elyvilon
Fedhas
Gozag
Hepliaklqana
Makhleb
Okawaru
Ru
Sif Muna
Uskayaw
Wu Jian
Yredelemnul
The Shining One
Lugonu

Shops:
D:2 [   D:5 (

Annotations:
D:5 2 transporters
D:8 Joseph, Maggie


Innate Abilities, Weirdness & Mutations

You have very sharp teeth.
Your uncanny sense of smell can sniff out nearby items.
Your experience applies equally to all skills.


Message History

Your steam dragon bites Maggie.
Your steam dragon claws Maggie but does no damage.
Your orc wizard barely misses Maggie.
The yak gores your orc!
Your orc dies!
Your orc's corpse dissolves into shadows!
Your orc wizard casts a spell at Maggie.
The magic dart hits your orc wizard! The yak is pulled toward you!
Are you sure you want to stumble around while confused and next to your steam dragon?
Okay, then.
Maggie hits your orc with a +0 scimitar!
Your orc dies!
Your orc's corpse dissolves into shadows!
The yak gores you.
* * * LOW HITPOINT WARNING * * *
The yak gores you!
* * * LOW HITPOINT WARNING * * *
Your steam dragon bites Maggie!
Your steam dragon barely misses Maggie.
The yak gores you but does no damage.
Your orc wizard hits Maggie but does no damage.
Unknown command.
Your orc wizard dissolves into shadows!
Maggie barely misses your orc. The yak closely misses you.
Your orc closely misses Maggie.
The yak barely misses you.
Your steam dragon bites Maggie but does no damage.
Your steam dragon barely misses Maggie.
The yak gores you but does no damage.
Your orc wizard points at Maggie and mumbles some strange words.
Maggie resists with some effort.
Unknown command.
You feel less invigorated.
You feel less confused. Maggie closely misses your orc. The yak gores you!
* * * LOW HITPOINT WARNING * * *
Your orc hits Maggie with a +2 dagger of venom.
Maggie is poisoned.
The yak gores you!
* * * LOW HITPOINT WARNING * * *
Your steam dragon barely misses Maggie.
Your steam dragon closely misses Maggie.
The yak gores you.
You die...
Your body crumbles into a pile of gold.

############
##############$$...Y.....
####.............$)...@.....
#................$#####.....
#............oDYY.#####.....
##...........o.@@Y@.......@..
..).......##############....
...##........ .
...##........# ...##........#
∆ ............... $
...##........## ...##........
...##........


You could see Joseph, Maggie (mesmerising, very poisoned, ally target), 3 yaks,
a friendly steam dragon (summoned), a friendly orc wizard (summoned, invisible)
and a friendly orc (summoned).

Vanquished Creatures
  Pikel (D:4)
  A troll (D:9)
  A yak (D:8)
  A steam dragon (D:5)
  A sky beast (D:5)
  A black bear (D:4)
  3 lemures (D:4)
  2 centaurs
  A wyvern zombie (D:4)
  A water moccasin skeleton (D:5)
  3 wights
  A jelly (D:3)
  A bullfrog skeleton (D:5)
  A hound (D:5)
  2 orc priests (D:8)
  Terence (D:3)
  2 orc wizards
  A hound skeleton (D:5)
  A howler monkey skeleton (D:5)
  4 gnolls (D:3)
  A howler monkey zombie (D:9)
  3 adders
  A worm (D:2)
  A dart slug (D:2)
  6 orcs
  2 bats
  5 endoplasms
  3 giant cockroaches
  7 goblins
  5 hobgoblins
  6 jackals
  7 kobolds
  2 quokkas (D:2)
  6 ball pythons
  A frilled lizard (D:2)
  2 quokka skeletons (D:4)
  4 rats
92 creatures vanquished.

Notes
Turn   | Place    | Note
-------+----------+-------------------------------------------
     0 | D:1      | zeram the Gnoll Fighter began the quest for the Orb.
     0 | D:1      | Reached XP level 1. HP: 23/23 MP: 1/1
   337 | D:1      | Reached XP level 2. HP: 29/29 MP: 2/2
  1233 | D:2      | Reached XP level 3. HP: 35/35 MP: 3/3
  1349 | D:2      | Found Babbod's Antique Armour Boutique.
  1507 | D:2      | Reached skill level 1 in Invocations
  1826 | D:2      | Found a hide-covered altar of Uskayaw.
  2006 | D:3      | Reached skill level 1 in Short Blades
  2006 | D:3      | Reached skill level 1 in Long Blades
  2006 | D:3      | Reached skill level 1 in Maces & Flails
  2006 | D:3      | Reached skill level 1 in Polearms
  2006 | D:3      | Reached skill level 1 in Staves
  2006 | D:3      | Reached skill level 1 in Slings
  2006 | D:3      | Reached skill level 1 in Bows
  2006 | D:3      | Reached skill level 1 in Crossbows
  2006 | D:3      | Reached skill level 1 in Throwing
  2006 | D:3      | Reached skill level 1 in Dodging
  2006 | D:3      | Reached skill level 1 in Stealth
  2006 | D:3      | Reached skill level 1 in Unarmed Combat
  2006 | D:3      | Reached skill level 1 in Spellcasting
  2006 | D:3      | Reached skill level 1 in Evocations
  2006 | D:3      | Reached XP level 4. HP: 38/41 MP: 5/5
  2196 | D:3      | Noticed Terence
  2200 | D:3      | Killed Terence
  2229 | D:3      | Reached skill level 1 in Conjurations
  2229 | D:3      | Reached skill level 1 in Hexes
  2229 | D:3      | Reached skill level 1 in Summonings
  2229 | D:3      | Reached skill level 1 in Necromancy
  2229 | D:3      | Reached skill level 1 in Translocations
  2229 | D:3      | Reached skill level 1 in Transmutations
  2229 | D:3      | Reached skill level 1 in Fire Magic
  2229 | D:3      | Reached skill level 1 in Ice Magic
  2229 | D:3      | Reached skill level 1 in Air Magic
  2229 | D:3      | Reached skill level 1 in Earth Magic
  2229 | D:3      | Reached skill level 1 in Poison Magic
  2236 | D:3      | Reached XP level 5. HP: 32/47 MP: 6/6
  2349 | D:3      | Found a faded altar of an unknown god.
  2473 | D:3      | Found a shimmering blue altar of Sif Muna.
  2770 | D:3      | Found a burning altar of Makhleb.
  2770 | D:3      | Noticed a balrug
  2773 | D:3      | Noticed a hellwing
  2773 | D:3      | Noticed a smoke demon
  3037 | D:4      | Found an ornate altar of the Wu Jian Council.
  3265 | D:4      | Reached XP level 6. HP: 6/53 MP: 8/8
  3539 | D:4      | Noticed a black bear
  3550 | D:4      | Killed a black bear
  3551 | D:4      | Reached skill level 5 in Axes
  3554 | D:4      | Learned a level 2 spell: Blink
  3824 | D:4      | Noticed Pikel
  3834 | D:4      | Killed Pikel
  3835 | D:4      | Reached XP level 7. HP: 30/60 MP: 9/11
  4106 | D:5      | Entered Level 5 of the Dungeon
  4153 | D:5      | Found a blossoming altar of Fedhas.
  4201 | D:5      | Reached XP level 8. HP: 40/67 MP: 12/12
  4339 | D:5      | Noticed a yak
  4340 | D:5      | Found a sacrificial altar of Ru.
  4340 | D:5      | Found a transporter.
  4357 | D:5      | Found a transporter.
  5057 | D:5      | Found a staircase to the Ecumenical Temple.
  5111 | Temple   | Entered the Ecumenical Temple
  5268 | D:5      | Found Ycalodol's Antique Weapon Boutique.
  5343 | D:6      | You fall into a shaft and drop 3 floors!
  5465 | D:9      | Noticed a troll
  5485 | D:9      | Killed a troll
  5489 | D:9      | Reached XP level 9. HP: 22/72 MP: 3/14
  5491 | D:9      | HP: 2/72 [kobold brigand (3)]
  5768 | D:8      | Found an opulent altar of Gozag.
  5776 | D:8      | Became a worshipper of Gozag Ym Sagoz the Greedy
  5910 | D:8      | Noticed Maggie
  5916 | D:8      | Noticed Joseph
  5958 | D:8      | HP: 2/73 [yak (5)]
  5958 | D:8      | Slain by a yak

Illustrated notes

Levels and vault maps discovered:
D:1:      elethiomel_arrival_maze, layout_loops_corners
D:2:      layout_loops_ring, basic_altar, serial_shops,
          nicolae_shop_window_shopping
D:3:      layout_loops_ring, makhleb_altar_promises_db, amcnicky_altar_gilded,
          chequers_ecumenical_altar_simple_redux, uniq_terence
D:4:      layout_basic, pdpol_wu_jian_five_deadly_venoms, uniq_pikel
D:5:      layout_loops_ring, fedhas_altar_1, gammafunk_temple_overflow_arena,
          minmay_temple_entry_glass, serial_shops, nicolae_shop_statue_plus,
          palyth_stone_intersect
D:6:      layout_loops_ring, nemelex_spade_bored_becter
D:8:      layout_basic, nicolae_dithmenos_through_a_glass_darkly,
          grunt_gozag_breadcrumbs, grunt_qazlal_sundering,
          mainiacjoe_overflow_large_starburst, uniq_joseph, uniq_maggie
D:9:      layout_loops_ring, dpeg_lair_monsters, grunt_ministairs_11
Temple:   corrupted_temple

Skill      XL: |  1  2  3  4  5  6  7  8  9 |
---------------+----------------------------+-----
Invocations    | 1 2 3 4 |  4.4
Short Blades   | 1 2 3 4 |  4.0
Long Blades    | 1 2 3 4 |  4.0
Maces & Flails | 1 2 3 4 |  4.0
Polearms       | 1 2 3 4 |  4.0
Staves         | 1 2 3 4 |  4.0
Slings         | 1 2 3 4 |  4.0
Bows           | 1 2 3 4 |  4.0
Crossbows      | 1 2 3 4 |  4.0
Throwing       | 1 2 3 4 |  4.0
Dodging        | 1 2 3 4 |  4.0
Stealth        | 1 2 3 4 |  4.0
Unarmed Combat | 1 2 3 4 |  4.0
Spellcasting   | 1 2 3 4 |  4.0
Evocations     | 1 2 3 4 |  4.0
Conjurations   | 1 2 3 |  3.2
Hexes          | 1 2 3 |  3.2
Summonings     | 1 2 3 |  3.2
Necromancy     | 1 2 3 |  3.2
Translocations | 1 2 3 |  3.2
Transmutations | 1 2 3 |  3.2
Fire Magic     | 1 2 3 |  3.2
Ice Magic      | 1 2 3 |  3.2
Air Magic      | 1 2 3 |  3.2
Earth Magic    | 1 2 3 |  3.2
Poison Magic   | 1 2 3 |  3.2
Axes           | 5 6 |  6.1
Fighting       | 7 |  7.7
Armour         | 7 |  7.7
Shields        | 7 |  7.7

Action                   |  1- 3 |  4- 6 |  7- 9 || total
-------------------------+-------+-------+-------++-------
Melee: War axe           |   103 |    98 |   138 ||   339
       Bite              |     5 |    14 |    15 ||    34
  Use: Scroll            |     2 |     1 |    10 ||    13
       Potion            |       |     1 |    10 ||    11
Armor: Scale mail        |    35 |    28 |    61 ||   124
Dodge: Dodged            |    30 |    34 |    71 ||   135
Block: Kite shield       |    57 |    60 |    96 ||   213
